 Dungeon Crawl Stone Soup version 0.25.0-9-g26727b657a (webtiles) character file.

Game seed: 11970294364278325202

(classic levelgen) 8 EnegeticOcto the Chiller (level 2, 19/19 HPs)
             Began as a Demonspawn Ice Elementalist on June 21, 2020.
             Quit the game on level 1 of the Dungeon.
             The game lasted 00:01:06 (480 turns).

EnegeticOcto the Chiller (DsIE)                      Turns: 480, Time: 00:01:07

Health: 19/19      AC:  2    Str:  8    XL:     2   Next: 0%
Magic:  5/5        EV: 12    Int: 16    God:
Gold:   46         SH:  0    Dex: 13    Spells: 4/5 levels left

rFire    . . .     SeeInvis .   (no weapon)
rCold    . . .     Gourm    .   (no shield)
rNeg     . . .     Faith    .   a - +0 robe
rPois    .         Spirit   .   (no helmet)
rElec    .         Reflect  .   (no cloak)
rCorr    .         Harm     .   (no gloves)
MR       .....                  (no boots)
Stlth    ++........             (no amulet)
HPRegen  0.06/turn              (no ring)
MPRegen  0.09/turn              (no ring)

@: no status effects
A: rot immunity
a: no special abilities


You were on level 1 of the Dungeon.
You were not hungry.

You visited 1 branch of the dungeon, and saw 1 of its levels.

You collected 46 gold pieces.

Inventory:

Armour
 a - a +0 robe (worn)
Scrolls
 b - a scroll of identify {unknown}
 c - a scroll of amnesia {unknown}
Comestibles
 d - 6 chunks of flesh
 e - 2 rations


   Skills:
 - Level 1.7 Dodging
 - Level 1.7 Stealth
 - Level 2.0 Spellcasting
 + Level 4.0 Ice Magic


You had 4 spell levels left.
You knew the following spells:

 Your Spells              Type           Power        Failure   Level  Hunger
a - Freeze                Ice            ##..         4%          1    #......

Your spell library contained the following spells:

 Spells                   Type           Power        Failure   Level  Hunger
 Frozen Ramparts          Ice            ##....       12%         3    ###....
 Ozocubu's Armour         Chrm/Ice       #.......     26%         3    ###....
 Hailstorm                Conj/Ice       #.......     65%         4    #####..
 Summon Ice Beast         Ice/Summ       #.......     65%         4    #####..


Dungeon Overview and Level Annotations

Branches:
Dungeon (1/15)

Altars:


Innate Abilities, Weirdness & Mutations

You are immune to rotting.


Message History

Nothing appears to happen.
The hobgoblin hits you with a +0 club.
Casting: Freeze (safe; 4% risk of failure)
Confirm with . or Enter, or press ? or * to list all spells.
Aiming: Freeze (safe; 4% risk of failure)
Press: ? - help, Shift-Dir - straight line, f/p - hobgoblin
Aim: a hobgoblin, wielding a +0 club (heavily wounded)
You freeze the hobgoblin!
You kill the hobgoblin!
Your magical contamination has completely faded away.
HP restored.
There is an open door here.
There is an open door here.
There is an open door here.
e - 2 rations (gained 1) Some of the chunks of flesh in your inventory have rotted away.
Some of the chunks of flesh in your inventory have rotted away.
Found a robe.
You see here a robe.
Found a stone staircase leading down.
A hobgoblin comes into view. It is wielding a +0 club.
A hobgoblin is nearby!
A hobgoblin is nearby!
The hobgoblin shouts!
Casting: Freeze (safe; 4% risk of failure)
Confirm with . or Enter, or press ? or * to list all spells.
Aiming: Freeze (safe; 4% risk of failure)
Press: ? - help, Shift-Dir - straight line, f - hobgoblin
Aim: a hobgoblin, wielding a +0 club You freeze the hobgoblin.
The hobgoblin is severely wounded.
The hobgoblin hits you with a +0 club.
Casting: Freeze (safe; 4% risk of failure)
Confirm with . or Enter, or press ? or * to list all spells.
Aiming: Freeze (safe; 4% risk of failure)
Press: ? - help, Shift-Dir - straight line, f/p - hobgoblin
Aim: a hobgoblin, wielding a +0 club (severely wounded)
You freeze the hobgoblin.
You kill the hobgoblin!
All of the chunks of flesh in your inventory have rotted away.
Things that are here:
a +0 club; a hobgoblin corpse You butcher the hobgoblin corpse.
d - 4 chunks of flesh
Things that are here:
a +0 club; a hobgoblin skeleton
Things that are here:
a +0 club; a hobgoblin skeleton You open the door.
A bat comes into view.
Found 14 gold pieces.
There is an open door here.
A bat is nearby!
A bat is nearby!
A bat is nearby!
Casting: Freeze (safe; 4% risk of failure)
Confirm with . or Enter, or press ? or * to list all spells.
Aiming: Freeze (safe; 4% risk of failure)
Press: ? - help, Shift-Dir - straight line, f - you That would be overly suicidal.
Okay, then.
Unknown command.
Casting: Freeze (safe; 4% risk of failure)
Confirm with . or Enter, or press ? or * to list all spells.
Aiming: Freeze (safe; 4% risk of failure)
Press: ? - help, Shift-Dir - straight line, f - bat
Aim: a bat (asleep)
You freeze the bat!
You kill the bat!
Your Ice Magic skill increases to level 4!
You butcher the bat corpse.
d - 5 chunks of flesh (gained 1)
You see here a bat skeleton. x2
You now have 46 gold pieces (gained 14).
A bat, a goblin and a hobgoblin come into view.
There are monsters nearby!
There are monsters nearby!
The bat misses you.
Casting: Freeze (safe; 4% risk of failure)
Confirm with . or Enter, or press ? or * to list all spells.
Aiming: Freeze (safe; 4% risk of failure)
Press: ? - help, Shift-Dir - straight line, f - you That would be overly suicidal.
Okay, then.
The bat closely misses you. The bat misses you.
Casting: Freeze (safe; 4% risk of failure)
Confirm with . or Enter, or press ? or * to list all spells.
Aiming: Freeze (safe; 4% risk of failure)
Press: ? - help, Shift-Dir - straight line, f - bat
Aim: a bat You freeze the bat.
You kill the bat!
You have reached level 2!
Your demonic ancestry asserts itself...
You feel immune to rotting.
You butcher the bat corpse.
d - 6 chunks of flesh (gained 1)
You see here a bat skeleton. x2
The hobgoblin is too close now for your liking.
Are you sure you want to abandon this character and quit the game? (Confirm with "yes".)

#.. #.# ##### #.# #...#
#.# #..÷# #.# #...# #.#
############...#######.#
.........÷.....'........
#######@####...#########
#.# #...# #.# #...# ..g
#...# ... #...# .....
#...# ...g. #...# #####
.......#...# #.... #####
#....


You could see a hobgoblin (asleep) and a goblin (asleep).

Vanquished Creatures
  3 hobgoblins (D:1)
  2 bats (D:1)
  A frilled lizard (D:1)
  2 rats (D:1)
8 creatures vanquished.

Notes
Turn   | Place    | Note
-------+----------+-------------------------------------------
     0 | D:1      | EnegeticOcto the Demonspawn Ice Elementalist began the
                  | quest for the Orb.
     0 | D:1      | Reached XP level 1. HP: 13/13 MP: 3/3
   421 | D:1      | Reached skill level 4 in Ice Magic
   453 | D:1      | Gained mutation: You are immune to rotting. [demonic
                  | ancestry]
   453 | D:1      | Reached XP level 2. HP: 19/19 MP: 3/5
   480 | D:1      | Quit the game

Illustrated notes

Levels and vault maps discovered:
D:1:      mushboom_english_gardens, layout_basic

Skill      XL: |  1 |
---------------+----+-----
Ice Magic      | 4 |  4.0
Dodging        | |  1.7
Stealth        | |  1.7
Spellcasting   | |  2.0

Action                   || total
-------------------------++-------
 Cast: Freeze            ||    12
Dodge: Dodged            ||     8
